[Event "Karel Janecek Open 2025"]
[Site "Prague"]
[Date "2025.03.07"]
[Round "9.11"]
[White "Noe, Christopher"]
[Black "Prazak, Daniel"]
[Result "1-0"]
[Annotator "TA"]
[ECO "D81"]
[WhiteElo "2511"]
[BlackElo "2319"]
[PlyCount "79"]
[EventDate "2025.02.21"]
[EventType "swiss"]
[EventCountry "CZE"]
[SourceTitle "playchess.com"]
[Source "ChessBase"]
[SourceQuality "1"]
[TimeControl "40/5400+30:1800+30"]

1. d4 Nf6 2. c4 g6 3. Nc3 d5 4. Qa4+ Bd7 5. Qb3 dxc4 6. Qxc4 Be6 7. Qd3 {[%emt 0:02:58] [#] D81: Grünfeld: 4 Qb3.} (7. Qb5+ $14 Bd7 8. Qb3 (8. Qxb7 Nc6 $15)) 7... c5 $1 $11 8. dxc5 (8. Nf3 Na6) 8... Nc6 9. e4 $146 {[%emt 0:07:27] The position is equal.} (9. Nf3 Bg7 10. Ng5 Qxd3 11. exd3 Bf5 12. Be3 Rd8 13. O-O-O Ng4 14. h3 Nxe3 15. fxe3 Bh6 16. h4 {0-1 Knox,R-Schiller,W CServe email 1996}) 9... Bg7 10. Qxd8+ Rxd8 11. Bb5 O-O {[%emt 0:03:36][%mdl 1024] [#] Black sacrificed a pawn Black has compensation.} 12. Nf3 Nb4 13. O-O Nd7 (13... a6 $11 14. Be2 Nd3) 14. Bg5 $1 $14 f6 15. Be3 a6 ({Better is} 15... Nc2 $14) 16. Be2 Bf7 17. Rfc1 {[%emt 0:01:37] Prevents Nc2.} f5 18. Ng5 Ne5 19. Nxf7 Rxf7 (19... Kxf7 $142 20. exf5 gxf5) 20. exf5 $16 gxf5 {[%emt 0:00:52] Strongly threatening ...f4.} 21. Rd1 Rff8 22. Bg5 Nec6 23. a3 Nc2 24. Rac1 $36 {[%emt 0:00:02][%mdl 2048] White is on the roll.} N2d4 25. Bc4+ Kh8 26. Kf1 (26. Re1 $18) 26... Rd7 (26... h6 $16 27. Be3 f4) 27. Na4 Na5 (27... f4 $16 {keeps fighting.} 28. Re1 Rf5) 28. Ba2 Rc7 29. b4 Nac6 30. Nb6 e6 31. Nc4 Nb5 (31... f4 $142 32. Nd6 Rd7) 32. Rd3 $18 e5 33. Rcd1 Nbd4 34. Nd6 e4 35. Rh3 Be5 36. Nc4 {[%emt 0:00:34] Strongly threatening Nxe5.} Bg7 37. Bf4 Rd7 38. Nb6 Rdd8 39. Bc7 {[%emt 0:00:26] This pair of bishops is nice.} Rde8 40. Nd7 {[%emt 0:01:11] Weighted Error Value: White=0.13 (very precise) /Black=0.27 (precise)   Mistake:       	White=1     	Black=6      Inaccurate:     	White=3     	Black=1      OK:         	White=15    	Black=8      Best:        	White=1     	Black=1      Strong:       	White=1     	---        Brilliant:      	---       	Black=1} 1-0

[Event "Karel Janecek Open 2025"]
[Site "Prague"]
[Date "2025.03.07"]
[Round "9.13"]
[White "Filgueiras, Nathan Felipe"]
[Black "Zhao, Yuanhe"]
[Result "1/2-1/2"]
[Annotator "TA"]
[ECO "B36"]
[WhiteElo "2335"]
[BlackElo "2466"]
[PlyCount "69"]
[EventDate "2025.02.21"]
[EventType "swiss"]
[EventCountry "CZE"]
[SourceTitle "playchess.com"]
[Source "ChessBase"]
[SourceQuality "1"]
[TimeControl "40/5400+30:1800+30"]

1. e4 c5 2. Nf3 Nc6 3. d4 cxd4 4. Nxd4 g6 5. c4 Nf6 6. Nc3 d6 7. Be2 Nxd4 8. Qxd4 Bg7 9. Be3 O-O 10. Qd3 Be6 11. O-O Nd7 {[%emt 0:01:49] B36: Sicilian: Maroczy Bind: Gurgenidze System.} 12. b3 Nc5 13. Qc2 Qa5 {[%emt 0:06:29] White has an edge.} 14. Bd2 Qb6 15. Rad1 a5 16. Be3 $146 ({Predecessor:} 16. Nd5 Bxd5 17. exd5 Nd7 18. Bf3 Ne5 19. Be2 Nd7 20. Bf3 Ne5 21. Be2 Nd7 22. a4 {0-1 Graham,S-De Peindray D'Ambelle,P W-ch WS/O/1171 email 2019}) 16... Rfc8 17. Nb5 Bd7 18. a4 Qd8 19. f4 Bxb5 20. axb5 Qc7 21. Kh1 Nd7 (21... a4 $11 22. b4 Nd7) 22. Bg4 $16 {[%emt 0:01:35][%cal Ob5b6] Black is weak on the light squares} Rd8 23. Bxd7 Qxd7 24. e5 Rdc8 25. exd6 exd6 26. Rd5 Qe7 (26... Qe6 $11 {keeps the balance.} 27. Qd3 Re8) 27. Bb6 Re8 28. h3 {[%emt 0:00:55] White has more active pieces.} Bf8 29. Bd4 Qe2 30. Qxe2 Rxe2 31. Ra1 f5 32. b6 Rd2 33. Bc3 (33. Rdxa5 $2 {too greedy.} Rxa5 34. Rxa5 Rxd4 $19) 33... Rxd5 34. cxd5 Be7 (34... Ra6 $11) 35. Rxa5 {[%emt 0:09:49] Weighted Error Value: White=0.11 (very precise) /Black=0.18 (very precise)   Mistake:       	---       	Black=3      Inaccurate:     	White=4     	Black=2      OK:         	White=10    	Black=8      Best:        	White=1     	---} ({Much weaker is} 35. Bxa5 Ra6 $11) 1/2-1/2

[Event "Karel Janecek Open 2025"]
[Site "Prague"]
[Date "2025.03.07"]
[Round "9.14"]
[White "Druska, Juraj"]
[Black "Chittka, Julius"]
[Result "1-0"]
[Annotator "TA"]
[ECO "D32"]
[WhiteElo "2442"]
[BlackElo "2313"]
[PlyCount "71"]
[EventDate "2025.02.21"]
[EventType "swiss"]
[EventCountry "CZE"]
[SourceTitle "playchess.com"]
[Source "ChessBase"]
[SourceQuality "1"]
[TimeControl "40/5400+30:1800+30"]

1. c4 e6 2. Nf3 d5 3. e3 Nf6 4. Nc3 Bd6 5. b3 c5 6. cxd5 exd5 7. Bb2 O-O 8. d4 Nc6 9. Be2 cxd4 10. Nxd4 Nxd4 {[%emt 0:00:21] The main line 10...Nxd4 scores better than 10...Re8.} 11. Qxd4 Re8 12. O-O Be5 {[%emt 0:01:01] D32: Tarrasch Defence: Sidelines and lines without g3.} 13. Qd3 Bg4 14. Bxg4 Nxg4 {[%emt 0:00:06] White has an edge.} 15. h3 Nf6 16. Rfd1 $146 (16. Na4 Bxb2 17. Nxb2 Rc8 18. Rac1 Qe7 19. Rc2 Rc7 20. Rfc1 Rec8 21. Na4 h6 22. Qf5 Rxc2 23. Rxc2 Rxc2 24. Qxc2 {½-½ Cordova,E (2531)-Wang,I (2335) North American op 34th 2024 (2)}) 16... Rc8 17. Rab1 Qa5 (17... Bxc3 $14 18. Bxc3 Ne4) 18. Nxd5 $16 Rcd8 (18... Qxa2 $2 19. Bxe5 Rxe5 20. Ra1 $18) 19. Bxe5 Nxd5 20. Bd4 {[%emt 0:01:18] White is more active.} Ne7 21. Qe2 Ng6 22. Rbc1 b6 {[%emt 0:04:32] Dodges Rc5} (22... Nf8 $16 23. Bc3 Rxd1+ 24. Qxd1 Qa3) 23. Rc4 Qd5 24. Qg4 Re6 25. Rcc1 h5 26. Qg3 Red6 27. Rc7 (27. Kh2 $16 {[%cal Od4b6] Threatens to win with Bxb6!.} Qf5 28. Rd2) 27... Ne5 {[%emt 0:00:58] [#]} 28. Re7 $1 $18 (28. Qxe5 $2 Qxe5 29. Bxe5 Rxd1+ 30. Kh2 R8d2 $19) (28. Rxa7 $2 Rg6 29. Kh2 (29. Qxe5 $2 Qxg2#) (29. e4 $2 Qxe4 30. Ra4 Rxg3 $19) 29... Rxg3 (29... h4 $2 30. Qxg6 Nxg6 31. Kg1 $19) 30. fxg3 h4 $19) 28... Ng6 29. Rxa7 $40 {[%emt 0:00:45][%mdl 128] White wants a kill.} Ne5 {[%emt 0:00:23] [#]} (29... h4 {was called for.} 30. Qg4 Ne5) 30. Re7 $1 ({Not} 30. Qxe5 Qxe5 31. Bxe5 Rxd1+ 32. Kh2 Rf1 $19) 30... Ng6 {[%emt 0:00:15] [#]} 31. Rc1 $1 Qf5 {[%emt 0:00:58][%cal Od6d4] [#]} (31... Rf8 32. Kh2) 32. Re8+ $3 Kh7 {[%emt 0:00:31] And now ...Rxd4 would win.} (32... Rxe8 33. Qxd6) 33. Rxd8 {[%emt 0:00:56] White is clearly winning.} Rxd8 34. Bxb6 Rd2 35. Rc5 Qb1+ 36. Kh2 {[%emt 0:00:02] Weighted Error Value: White=0.08 (flawless) /Black=0.36  Mistake:       	White=1     	Black=4      Inaccurate:     	White=1     	Black=2      OK:         	White=12    	Black=5      Best:        	White=4     	---        Strong:       	White=2     	---} 1-0

[Event "Karel Janecek Open 2025"]
[Site "Prague"]
[Date "2025.03.07"]
[Round "9.15"]
[White "Baenziger, Fabian"]
[Black "Walek, Petr"]
[Result "1-0"]
[Annotator "TA"]
[ECO "E49"]
[WhiteElo "2430"]
[BlackElo "2279"]
[PlyCount "167"]
[EventDate "2025.02.21"]
[EventType "swiss"]
[EventCountry "CZE"]
[SourceTitle "playchess.com"]
[Source "ChessBase"]
[SourceQuality "1"]
[TimeControl "40/5400+30:1800+30"]

1. d4 Nf6 2. c4 e6 3. Nc3 Bb4 4. e3 O-O 5. Bd3 d5 6. Nge2 c5 7. cxd5 exd5 8. a3 Bxc3+ 9. bxc3 b6 10. f3 Re8 11. O-O Ba6 12. Ng3 Bxd3 13. Qxd3 Nc6 14. Bb2 c4 15. Qd2 {[%emt 0:04:34] E49: Nimzo-Indian: Rubinstein: 5 Bd3 d5 6 a3 Bxc3+ 7 bxc3.} h5 16. Qf2 Qd7 {[%emt 0:05:01] Prevents e4} 17. Rae1 $1 {[%emt 0:04:08] White is slightly better.} Ne7 18. e4 {[%emt 0:07:15] Wards off Nf5} h4 19. Ne2 $146 (19. Nh1 $1 $14) (19. Nh1 Ng6 20. e5 Nh5 21. Bc1 Nhf4 22. Bxf4 Nxf4 23. Qxh4 Nd3 24. Re3 Re6 25. f4 {1-0 Shankland,S (2679)-Sanikidze,T (2497) Olympiad-42 Baku 2016 (10.4)}) 19... h3 (19... dxe4 $11 20. fxe4 Ng6) 20. Nf4 dxe4 21. fxe4 hxg2 22. Nxg2 Ng6 23. e5 Nd5 24. Qg3 Re6 25. Re4 (25. h4 $16) 25... Nf6 26. Re3 $16 Nd5 27. Ref3 Rf8 28. Bc1 ({White should try} 28. Qg4 $1 $16) 28... Nxc3 $14 29. Rxc3 Qxd4+ 30. Qe3 Rd8 31. Qxd4 Rxd4 32. Nf4 Rxe5 33. Nxg6 Rg4+ 34. Kh1 fxg6 35. Rc2 Rge4 36. Kg2 b5 37. Bf4 Rf5 38. Bg3 Rxf1 ({Black should play} 38... Rd4 $14) 39. Kxf1 {[%emt 0:00:03][%mdl 4096] Endgame KRB-KR} Re3 {[%emt 0:00:34] [#]} 40. a4 a6 41. axb5 $1 axb5 42. Rb2 $1 Rf3+ 43. Ke2 Rf5 44. Kd2 Kf7 45. Kc3 Ke6 46. Kb4 Rd5 47. Ra2 Kf5 48. Ra7 g5 49. Rxg7 {[%emt 0:00:00] White has more active pieces.} Ke4 50. Re7+ Kf3 51. Re1 Kg2 52. Re3 Rf5 53. Re2+ Kf3 54. Rd2 Ke3 55. Rd6 Kf3 56. Kc3 Ke4 57. Rd4+ $1 Ke3 58. Rd1 Ke4 59. Re1+ Kd5 60. Kb4 Kd4 61. Bd6 Kd3 62. Bc5 {[%emt 0:04:02] And now Re3+ would win.} Kd2 {[%emt 0:01:21] [#]} (62... Rf3 $16) 63. Rg1 $1 $18 c3 {[%emt 0:00:17] [#]} (63... Rf3 {might work better.} 64. Kxb5 (64. Rg2+ Kd1 $18) 64... c3) 64. Rg2+ $1 (64. Kxb5 c2 $11) 64... Kd1 $2 (64... Kd3 65. Rg3+ (65. Kxb5 c2 $11) 65... Kd2 66. Be3+ (66. Kxb5 c2 $11) (66. Rxc3 Rf4+ 67. Kb3 Rf5 $18) 66... Ke2 67. Kxc3 (67. Rxg5 Rf1 $16) (67. Bxg5 c2 $16) 67... b4+ 68. Kxb4 g4) 65. Be3 $1 ({Not} 65. Kxb5 c2 66. Rg1+ Kd2 67. Rg2+ Kc3 $11 (67... Kd1 68. Rg1+ Kd2 69. Rg2+ Kc3 70. Rg1 $11)) 65... c2 66. Rd2+ (66. Rxg5 Rf3 67. Rd5+ Ke2 $18) 66... Ke1 67. Rxc2 Re5 68. Bc5 g4 69. Bd6 Rd5 70. Bg3+ Kf1 71. Rc5 Rd3 72. Rg5 Rd4+ 73. Kxb5 Kg2 74. Kc5 Ra4 75. Kd6 Kh3 76. Ke5 {[%emt 0:00:19] Threatening mate with Kf5.} Ra5+ 77. Kf4 Ra4+ 78. Kf5 Ra5+ 79. Be5 Ra4 80. Rg8 (80. Rh5+ $142 Kg2 81. Rh4 Ra7 82. Rxg4+ Kf3 83. Rg3+ Ke2 84. h4 Rh7 85. Bf6) 80... Rb4 81. Rb8 {[%emt 0:00:47] White mates.} Ra4 82. Rb3+ Kh4 83. Bf6+ Kh5 84. Rb8 {[%emt 0:00:08] Weighted Error Value: White=0.09 (flawless) /Black=0.13 (very precise)   Mistake:       	White=3     	Black=6      Inaccurate:     	White=1     	Black=5      OK:         	White=21    	Black=21     Best:        	White=3     	Black=5      Strong:       	White=7     	---        Brilliant:      	White=1     	---} 1-0